 Dungeon Crawl Stone Soup version 0.26-a0-540-g8a0c9464d7 (webtiles) character file.

Game seed: 17162287352021823977

59 Inarius the Skirmisher (level 3, 0/30 HPs)
             Began as a Mummy Chaos Knight on Aug 24, 2020.
             Was a Plaything of Xom.
             Slain by an adder (3 damage)
             ... on level 2 of the Dungeon.
             The game lasted 00:03:02 (1332 turns).

Inarius the Skirmisher (Mummy Chaos Knight)         Turns: 1332, Time: 00:03:02

Health: 0/30       AC: 12    Str: 16    XL:     3   Next: 78%
Magic:  3/3        EV:  8    Int: 11    God:    Xom [...*..]
Gold:   70         SH:  7    Dex: 17    Spells: 2/2 levels left

rFire    x . .     SeeInvis .   a - +0 hand axe (chaos)
rCold    + . .     Faith    .   d - +0 kite shield {AC+3}
rNeg     + + +     Spirit   .   b - +2 leather armour
rPois    ∞         Reflect  .   (no helmet)
rElec    .         Harm     .   (no cloak)
rCorr    .                      (no gloves)
MR       .....                  (no boots)
Stlth    +.........             c - amulet of magic regeneration
HPRegen  0.10/turn              f - +6 ring of dexterity
MPRegen  0.33/turn              g - +4 ring of protection

@: no status effects
A: no potions, fire vulnerability, cold resistance 1, negative energy resistance
3, torment resistance, unbreathing
a: Renounce Religion


You were on level 2 of the Dungeon.
You worshipped Xom.
You were a favourite toy of Xom.
You visited 1 branch of the dungeon, and saw 2 of its levels.

You collected 70 gold pieces.

Inventory:

Hand Weapons
 a - a +0 hand axe of chaos (weapon)
Armour
 b - a +2 leather armour (worn)
 d - a +0 kite shield of protection (worn)
Jewellery
 c - an amulet of magic regeneration (around neck)
 f - a +6 ring of dexterity (left hand)
 g - a +4 ring of protection (right hand)
Wands
 i - a wand of polymorph (3)
Scrolls
 e - a scroll of remove curse {unknown}
 h - 3 scrolls of identify {unknown}


   Skills:
 + Level 3.7 Fighting
 * Level 3.2 Axes
 + Level 1.8 Armour
 - Level 0.7 Dodging
 - Level 0.1 Stealth
 * Level 0.1 Evocations


You had 2 spell levels left.
You didn't know any spells.
Your spell library was empty.

Dungeon Overview and Level Annotations

Branches:
Dungeon (2/15)

Altars:


Innate Abilities, Weirdness & Mutations

You do not drink.
Your flesh is vulnerable to fire.
You are immune to poison.
Your flesh is cold resistant. (rC+)
You are immune to negative energy. (rN+++)
You are immune to unholy pain and torment.
You can survive without breathing.


Message History

You hit something but do no damage.
Nothing appears to happen.
Something bites you but does no damage.
You miss something. Something bites you.
Something bites you but does no damage.
You hit something but do no damage. Something bites you but does no damage.
Something bites you.
You miss something.
Something bites you but does no damage. x3
You miss something.
Something bites you but does no damage. x2
Something bites you.
You barely miss something.
Something bites you but does no damage. x2
You miss something. Something bites you. You block something's attack.
Something bites you.
You closely miss something. You block something's attack.
Something bites you but does no damage.
You miss something. Something bites you!
* * * LOW HITPOINT WARNING * * *
You block something's attack. Something bites you but does no damage.
Something bites you.
You die... "This toy is broken."

#...#######
#..^......#####
#.).#####.....#
#####.##
#####.# ......#
#.# .###### #.#
.# #.# .#### #
#.# ....#
....###@####
.##.#
...........#
###.#
.....##)...#
###.# ....
?........ #...#
... ......####
#.### ..
........# #.# .
....<.....# #.#
#..#.#..#.# #.#
#..#....#.#


There were no monsters in sight!

Vanquished Creatures
  A gnoll (D:1)
  An adder (D:2)
  A worm (D:2)
  2 dart slugs (D:1)
  A ball python (D:2)
  3 giant cockroaches
  4 goblins
  4 hobgoblins
  2 kobolds (D:1)
  A quokka (D:2)
  4 bats
  4 frilled lizards
  6 rats
34 creatures vanquished.

Notes
Turn   | Place    | Note
-------+----------+-------------------------------------------
     0 | D:1      | Inarius the Mummy Chaos Knight began the quest for the Orb.
     0 | D:1      | Reached XP level 1. HP: 18/18 MP: 1/1
   148 | D:1      | Reached XP level 2. HP: 24/24 MP: 2/2
   274 | D:1      | XOM: silly message
   347 | D:1      | XOM: silly message
   707 | D:1      | Reached XP level 3. HP: 28/29 MP: 3/3
  1196 | D:2      | XOM: god gift: encrusted bone ring {god gift}
  1242 | D:2      | XOM: silly message
  1332 | D:2      | Slain by an adder

Illustrated notes

Levels and vault maps discovered:
D:1:      roderic_crop_circles_arrival_small, layout_basic, serial_forest,
          infiniplex_forest_corner_1, infiniplex_forest_lined_1,
          infiniplex_forest_clump_small, infiniplex_forest_lined_2,
          infiniplex_forest_lined_1, infiniplex_forest_side_room,
          infiniplex_forest_clump_C, infiniplex_forest_fountain
D:2:      layout_loops_cross, fedhas_altar_2, chequers_ecumenical_altar_simple,
          uniq_crazy_yiuf_cottage

Skill      XL: |  1  2  3 |
---------------+----------+-----
Axes           | 3 |  3.2
Fighting       | |  3.7
Armour         | |  1.8
Dodging        | |  0.7
Stealth        | |  0.1
Evocations     | |  0.1

Action                   || total
-------------------------++-------
Melee: Hand axe          ||   110
 Stab: Paralysed         ||     2
       Sleeping          ||     2
Armor: Leather armour    ||    58
Dodge: Dodged            ||    26
Block: Kite shield       ||    32

Table legend: (Time is in decaauts)
 A = Elapsed time spent in this place.
 B = Non-inter-level travel time spent in this place.
 C = Inter-level travel time spent in this place.
 D = Time resting spent in this place.
 E = Time spent auto-exploring this place.
 F = Levels seen in this place.
 G = Mean time per level.
                   A        B        C        D        E       F      G
               +--------+--------+--------+--------+--------+-----+--------+
         Total |   1356 |   1283 |     73 |     97 |    874 |   2 |  678.0 |
       Dungeon |   1356 |   1283 |     73 |     97 |    874 |   2 |  678.0 |
               +--------+--------+--------+--------+--------+-----+--------+

Top non-repeatable levels by time:
     D:1: 1172 daAuts
     D:2: 184 daAuts
